 Dungeon Crawl Stone Soup version 0.29-a0-887-gcbe080d7e0 (webtiles) character file.

Game seed: 6590347914719919333

43 LynnLen the Sneak (level 3, 0/20 HPs)
             Began as a Vampire Enchanter on July 22, 2022.
             Slain by a scorpion (5 damage)
             ... on level 3 of the Dungeon.
             The game lasted 00:03:53 (1793 turns).

LynnLen the Sneak (Vampire Enchanter)               Turns: 1793, Time: 00:03:54

Health: 0/20       AC:  3    Str:  7    XL:     3   Next: 37%
Magic:  1/6        EV: 12    Int: 17    God:
Gold:   102        SH:  0    Dex: 16    Spells: 0/6 levels left

rFire   . . .      SeeInvis +   a - +1 dagger
rCold   + + .      Faith    .   (no shield)
rNeg    + + +      Spirit   .   h - +0 leather armour
rPois   ∞          Reflect  .   (no helmet)
rElec   .          Harm     .   (no cloak)
rCorr   .          Rampage  .   (no gloves)
Will    .....                   (no boots)
Stlth   +++++.....              (no amulet)
HPRegen 0.00/turn               (no ring)
MPRegen 0.10/turn               (no ring)

@: confusing by touch, bloodless, inhibited regen
A: bloodless, fangs 3, see invisible, vampiric 2
a: Bat Form, Revivify


You were on level 3 of the Dungeon.
You visited 1 branch of the dungeon, and saw 3 of its levels.

You collected 102 gold pieces.

Inventory:

Hand Weapons
 a - a +1 dagger (weapon)
Armour
 b - a +0 robe
 h - a +0 leather armour (worn)
Scrolls
 e - 2 scrolls of poison
 f - a scroll of teleportation {unknown}
Potions
 c - 2 potions of invisibility
 d - a potion of berserk rage
 g - a potion of heal wounds {unknown}
 i - a potion of cancellation {unknown}
 j - a potion of attraction {unknown}
 k - a potion of degeneration {unknown}


   Skills:
 * Level 0.5 Fighting
 * Level 1.8 Short Blades
 + Level 2.4 Dodging
 + Level 5.4 Stealth
 + Level 2.1 Spellcasting
 + Level 4.9 Hexes


You couldn't memorise any spells.
You knew the following spells:

 Your Spells              Type           Power      Damage    Failure   Level
a - Confusing Touch       Hex            18%        N/A       12%         3
b - Tukima's Dance        Hex            18%        N/A       12%         3

Your spell library contained the following spells:

 Spells                   Type           Power      Damage    Failure   Level
 Ensorcelled Hibernation  Hex/Ice        20%        N/A       16%         2
 Magic Dart               Conj           4%         1d3       28%         1
 Dazzling Flash           Conj/Hex       20%        N/A       32%         3
 Searing Ray              Conj           2%         2d4       41%         2
 Fulminant Prism          Conj/Hex       5%         3d7       71%         4


Dungeon Overview and Level Annotations

Branches:
Dungeon (3/15)

Altars:
Qazlal

Shops:
D:2 [


Innate Abilities, Weirdness & Mutations

You do not regenerate when monsters are visible.
You are frail without blood (-20% HP).
You can heal yourself when you bite living creatures.
You are immune to poison.
You have razor-sharp teeth.
You have supernaturally acute eyesight. (SInv)
You are afflicted with vampirism and can become a bat while bloodless.


Message History

The scorpion seems to be having trouble coordinating all eight of its legs.
You barely miss the scorpion. You bite the scorpion.
The scorpion is moderately wounded.
The scorpion stings you.
You hit the scorpion.
The scorpion is moderately wounded.
You hit the scorpion but do no damage.
The scorpion is moderately wounded.
The scorpion stings you!
You hit the scorpion but do no damage.
You bite the scorpion, but do no damage.
The scorpion is moderately wounded.
The scorpion stings you.
* * * LOW HITPOINT WARNING * * *
You hit the scorpion but do no damage. You bite the scorpion.
The scorpion is heavily wounded.
The scorpion barely misses you.
You barely miss the scorpion.
The scorpion is heavily wounded.
The scorpion stings you but does no damage.
You hit the scorpion.
The scorpion is severely wounded.
You completely miss the scorpion.
The scorpion is severely wounded.
You barely miss the scorpion.
The scorpion is severely wounded.
The scorpion barely misses you.
You hit the scorpion but do no damage. You bite the scorpion.
The scorpion is almost dead.
You hit the scorpion but do no damage.
The scorpion is almost dead.
The scorpion seems less confused.
The scorpion barely misses you.
You closely miss the scorpion.
The scorpion is almost dead.
The scorpion stings you but does no damage.
Casting: Confusing Touch (extremely dangerous; 12% risk of failure)
Confirm with . or Enter, or press ? or * to list all spells.
The spell is extremely dangerous to miscast (12% risk of failure)!
Continue anyway?
Your hands begin to glow red.
The scorpion stings you.
You die...

#.##..#....##.#
+.............#
#.####.########
# ##.## #...#
#...# #...#
#####...#####
#.....@.....#
........s.......
###........(..#.
####.....####
#.###.# #. .# #.
.# #. ..


You could see a scorpion.

Vanquished Creatures
  A worm (D:2)
  A dart slug (D:2)
  An orc (D:3)
  3 endoplasms (D:1)
  2 giant cockroaches
  4 goblins
  A hobgoblin (D:2)
  6 kobolds
  3 quokkas
  2 ball pythons
  6 bats
  A frilled lizard (D:1)
  3 rats
34 creatures vanquished.

Notes
Turn   | Place    | Note
-------+----------+-------------------------------------------
     0 | D:1      | LynnLen the Vampire Enchanter began the quest for the Orb.
     0 | D:1      | Reached XP level 1. HP: 13/13 MP: 3/3
   178 | D:1      | Reached XP level 2. HP: 14/20 MP: 5/5
   951 | D:2      | Reached skill level 5 in Stealth
   970 | D:2      | Found Ivoicwe's Armour Shop.
  1119 | D:2      | Gained mutation: You are afflicted with vampirism and can
                  | become a bat while bloodless. [Vampire growth]
  1119 | D:2      | Reached XP level 3. HP: 20/20 MP: 6/6
  1123 | D:2      | Learned a level 3 spell: Confusing Touch
  1127 | D:2      | Learned a level 3 spell: Tukima's Dance
  1234 | D:2      | Found a stormy altar of Qazlal.
  1771 | D:3      | Noticed a scorpion
  1793 | D:3      | Slain by a scorpion

Illustrated notes

Levels and vault maps discovered:
D:1:      lightli_arrival_statue_moat, layout_rooms, serial_bayou_pond_c
D:2:      layout_loops_cross, basic_altar, serial_shops,
          nicolae_shop_advertising_works [nicolae_subvault_shop_adworks]
D:3:      layout_loops_cross, lemuel_doored_altar, grunt_temple_overflow_diamond

Skill      XL: |  1  2 |
---------------+-------+-----
Stealth        | 5 |  5.4
Fighting       | |  0.5
Short Blades   | |  1.8
Dodging        | |  2.4
Spellcasting   | |  2.1
Hexes          | |  4.9

Action                   || total
-------------------------++-------
Melee: Dagger            ||   101
       Bite              ||    13
 Cast: Confusing Touch   ||     2
 Abil: Exsanguinate      ||     1
  Use: Scroll            ||     4
 Stab: Sleeping          ||    13
Armor: Robe              ||     6
       Leather armour    ||    32
Dodge: Dodged            ||    70

Table legend: (Time is in decaauts)
 A = Elapsed time spent in this place.
 B = Non-inter-level travel time spent in this place.
 C = Inter-level travel time spent in this place.
 D = Time resting spent in this place.
 E = Time spent auto-exploring this place.
 F = Levels seen in this place.
 G = Mean time per level.
                   A        B        C        D        E       F      G
               +--------+--------+--------+--------+--------+-----+--------+
         Total |   1786 |   1786 |      0 |      0 |   1248 |   3 |  595.3 |
       Dungeon |   1786 |   1786 |      0 |      0 |   1248 |   3 |  595.3 |
               +--------+--------+--------+--------+--------+-----+--------+

Top non-repeatable levels by time:
     D:2: 950 daAuts
     D:1: 698 daAuts
     D:3: 137 daAuts
